 Dungeon Crawl Stone Soup version 0.23.1 (webtiles) character file.

Game seed: 17071340940458325828

7 Borgoz the Sneak (level 2, -2/20 HPs)
             Began as a Ghoul Enchanter on Mar 4, 2019.
             Slain by a goblin
             ... wielding a +0 club
              (4 damage)
             ... on level 1 of the Dungeon.
             The game lasted 00:00:57 (290 turns).

Borgoz the Sneak (Ghoul Enchanter)                   Turns: 290, Time: 00:00:58

Health: -2/20      AC:  3    Str: 11    XL:     2   Next: 4%
Magic:  3/3        EV: 12    Int: 10    God:
Gold:   31         SH:  0    Dex:  9    Spells: 3/4 levels left

rFire    . . .     SeeInvis .   a - +1 dagger
rCold    + . .     Gourm    .   (no shield)
rNeg     + + +     Faith    .   b - +0 robe
rPois    ∞         Spirit   .   (no helmet)
rElec    .         Reflect  .   (no cloak)
rCorr    .         Harm     .   e - +0 pair of gloves
MR       .....                  (no boots)
Stlth    ++........             (no amulet)
HPRegen  0.00/turn              (no ring)
MPRegen  0.08/turn              (no ring)

@: rotting
A: rotting body, claws 1, carnivore, cold resistance 1, negative energy
resistance 3, inhibited regeneration, torment resistance, unbreathing
a: no special abilities


You were on level 1 of the Dungeon.
You were not hungry.

You visited 1 branch of the dungeon, and saw 1 of its levels.

You collected 31 gold pieces.

Inventory:

Hand Weapons
 a - a +1 dagger (weapon)
Armour
 b - a +0 robe (worn)
 e - a +0 pair of gloves (worn)
Comestibles
 d - a ration


   Skills:
 * Level 1.1 Short Blades
 + Level 1.7 Dodging
 + Level 3.3 Stealth
 + Level 1.7 Spellcasting
 + Level 2.7 Hexes


You had 3 spell levels left.
You knew the following spells:

 Your Spells              Type           Power        Failure   Level  Hunger
a - Corona                Hex            #......      11%         1    ##.....

Your spell library contained the following spells:

 Spells                   Type           Power        Failure   Level  Hunger
 Ensorcelled Hibernation  Hex/Ice        #.....       28%         2    ###....
 Confuse                  Hex            #.......     30%         3    ####...
 Tukima's Dance           Hex            #.......     30%         3    ####...
 Dazzling Spray           Conj/Hex       #.....       50%         3    ####...


Dungeon Overview and Level Annotations

Branches:
Dungeon (1/15)

Altars:


Innate Abilities, Weirdness & Mutations

Your body is rotting away.
You thrive on raw meat.
You are immune to poison.
You have sharp fingernails.
You are carnivorous and can eat meat at any time.
Your flesh is cold resistant. (rC+)
You are immune to negative energy. (rN+++)
You do not regenerate when monsters are visible.
You are immune to unholy pain and torment.
You can survive without breathing.


Message History

You have reached level 2!
You hit the goblin.
The goblin is heavily wounded.
The goblin hits you with a +0 dagger.
* * * LOW HITPOINT WARNING * * *
You completely miss the goblin.
The goblin is moderately wounded.
The goblin misses you.
You closely miss the goblin.
The goblin is moderately wounded.
The goblin barely misses you.
You barely miss the goblin.
The goblin is moderately wounded.
The goblin hits you with a +0 dagger.
* * * LOW HITPOINT WARNING * * *
You closely miss the goblin.
The goblin is moderately wounded.
The goblin barely misses you. The hobgoblin completely misses you.
The goblin hits you with a +0 club.
You die...

##....####.......#.........
#....##.........#...(.....
#....##.#.............##.
#....##........#.......
#....#.....#...#...#...
###..#..#...#..#..#...
##....g#gw#..#..#..#.
#......#g.#.#.#..#..
#...#.(@#.#.#.#.#...
#....##..#.#.#.#..
#......##.#...#.# .
#........#.....#....
#..######...<...#
##.......#.....#....
#.....##.#...#.# .
#...##..#.#.#.#..
#..#...#.#.#.#.#...


You could see a dart slug, a hobgoblin and a goblin.

Vanquished Creatures
  A dart slug (D:1)
  A goblin (D:1)
  2 hobgoblins (D:1)
  A kobold (D:1)
5 creatures vanquished.

Notes
Turn   | Place    | Note
-------+----------+-------------------------------------------
     0 | D:1      | Borgoz the Ghoul Enchanter began the quest for the Orb.
     0 | D:1      | Reached XP level 1. HP: 14/14 MP: 2/2
    46 | D:1      | Reached skill level 1 in Short Blades
   284 | D:1      | Reached XP level 2. HP: 7/20 MP: 3/3
   290 | D:1      | Slain by a goblin

Skill      XL: |  1 |
---------------+----+-----
Short Blades   | 1 |  1.1
Dodging        | |  1.7
Stealth        | |  3.3
Spellcasting   | |  1.7
Hexes          | |  2.7

Action                   || total
-------------------------++-------
Melee: Dagger            ||    28
  Eat: Chunk             ||     3
Armor: Robe              ||     4
Dodge: Dodged            ||    17
